 Dungeon Crawl Stone Soup version 0.29.0-13-gc9e81de378 (webtiles) character file.

Game seed: 431029303905852272

5997 night the Grappler (level 10, -2/83 HPs)
             Began as a Troll Transmuter on Sept 10, 2022.
             Was a Follower of Cheibriados.
             Shot with a bolt by something (10 damage)
             ... on level 9 of the Dungeon.
             The game lasted 00:17:45 (6972 turns).

night the Grappler (Troll Transmuter)               Turns: 6972, Time: 00:17:46

Health: -2/83      AC:  7    Str: 22    XL:     10   Next: 55%
Magic:  10/10      EV: 14    Int: 15    God:    Cheibriados [*.....]
Gold:   582        SH:  5    Dex: 12    Spells: 6/11 levels left

rFire   . . .      SeeInvis .     - Unarmed
rCold   . . .      Faith    .   (no shield)
rNeg    . . .      Spirit   .   E - +0 steam dragon scales
rPois   +          Reflect  +   (helmet restricted)
rElec   .          Harm     .   q - scarf {shadows}
rCorr   .          Rampage  .   (gloves unavailable)
Will    .....                   (boots unavailable)
Stlth   +.........              R - amulet of reflection
HPRegen 1.03/turn               G - +4 ring of evasion
MPRegen 0.12/turn               A - ring of poison resistance

@: slowed, fire susceptible, very slow
A: large, unfitting armour, claws 3, regeneration 1, shaggy fur 1, tough skin 1
a: Renounce Religion, Bend Time


You were on level 9 of the Dungeon.
You worshipped Cheibriados.
Cheibriados was aware of your devotion.
You visited 2 branches of the dungeon, and saw 10 of its levels.
You also visited: Sewer.

You collected 600 gold pieces.
You spent 18 gold pieces at shops.

Inventory:

Missiles
 f - 104 stones
 l - 2 large rocks
 n - a throwing net
 r - 26 poisoned darts
 x - 4 javelins
 F - a boomerang
 N - a curare-tipped dart
Armour
 a - a +1 robe
 q - a scarf of shadows (worn)
 E - +0 steam dragon scales (worn)
Jewellery
 e - a ring of willpower
 k - a +6 ring of dexterity
 s - a ring of resist corrosion
 A - a ring of poison resistance (right claw)
 G - a +4 ring of evasion (left claw)
 I - a +6 ring of intelligence
 J - a ring of protection from cold
 R - an amulet of reflection (around neck)
Wands
 y - a wand of flame (36)
 H - a wand of roots (14)
 K - a wand of charming (23)
Scrolls
 g - 4 scrolls of enchant armour
 h - 5 scrolls of teleportation
 p - 2 scrolls of blinking
 D - 2 scrolls of vulnerability
 L - a scroll of enchant weapon
 M - a scroll of magic mapping
 Q - a scroll of amnesia
Potions
 d - 2 potions of cancellation {unknown}
 i - 2 potions of might {unknown}
 j - 6 potions of curing
 m - 6 potions of heal wounds
 o - 4 potions of invisibility
 t - 5 potions of flight
 u - 4 potions of lignification
 v - a potion of brilliance {unknown}
 z - 2 potions of magic {unknown}
 B - a potion of attraction {unknown}
 C - 3 potions of mutation
 O - a potion of berserk rage {unknown}
 P - a potion of degeneration {unknown}


   Skills:
 - Level 0.7 Fighting
 - Level 1.5 Dodging
 * Level 10.8 Unarmed Combat
 - Level 1.2 Spellcasting
 * Level 7.8 Transmutations
 + Level 5.3 Ice Magic


You had 6 spell levels left.
You knew the following spells:

 Your Spells              Type           Power      Damage    Failure   Level
a - Beastly Appendage     Tmut           48%        N/A       1%          1
b - Ice Form              Ice/Tmut       20%        N/A       16%         4

Your spell library contained the following spells:

 Spells                   Type           Power      Damage    Failure   Level
 Wereblood                Tmut           24%        N/A       1%          2
 Spider Form              Tmut/Pois      12%        N/A       14%         3
 Ignite Poison            Fire/Tmut/Pois 8%         N/A       26%         3
 Blade Hands              Tmut           12%        N/A       26%         5
 Conjure Flame            Conj/Fire      0%         6-21      58%         3
 Portal Projectile        Hex/Tloc       0%         N/A       58%         3
 Tukima's Dance           Hex            0%         N/A       58%         3
 Sticky Flame             Conj/Fire      0%         2d3       94%         4


Dungeon Overview and Level Annotations

Branches:
Dungeon (9/15)             Temple (1/1) D:5           Sewer (visited)
   Lair: D:8-11         Orc: D:9-12

Altars:
Ashenzari
Cheibriados
Dithmenos
Elyvilon
Fedhas
Hepliaklqana
Kikubaaqudgha
Makhleb
Nemelex Xobeh
Okawaru
Qazlal
Ru
Sif Muna
Uskayaw
Vehumet
Wu Jian
Yredelemnul
Zin
The Shining One
Ignis

Shops:
D:1 (   D:6 *

Annotations:
D:9 Maurice


Innate Abilities, Weirdness & Mutations

You are too large for most types of armour.
You have claws for hands.
Your natural rate of healing is unusually fast.
You are covered in fur. (AC +1)
You have tough skin. (AC +1)


Message History

Something hits you. Something burns you.
You hear a zap.
Your will is overpowered!
You are confused.
You are too confused!
Unknown command.
Something hits you! Something burns you. Something hits you!
Something steals your 2 potions of haste!
Something hits you! Something burns you.
* * * LOW HITPOINT WARNING * * *
You feel better. Something completely misses you.
You hear some strange, mumbled words.
A bolt of poison appears from out of thin air!
The bolt of poison hits you! You resist.
* * * LOW HITPOINT WARNING * * *
Something hits you but does no damage.
You feel much better. Something hits you! Something burns you.
Something barely misses you.
You fail to use your ability.
You hear a zap.
Something tries to affect you, but you resist.
Something completely misses you. You block something's attack.
You claw something!
You hear some strange, mumbled words.
You feel yourself slow down. Something hits you.
Something steals 20 of your 124 stones!
You claw something!
Cheibriados appreciates the change of pace.
Reactivating autopickup.
You feel a bit more experienced. Something completely misses you.
You hear a zap.
Deactivating autopickup; reactivate with Ctrl-A.
Something tries to affect you, but you resist.
Something hits you.
Something steals your +1 vorpal arbalest!
You hear a thunk.
A bolt appears from out of thin air!
The bolt hits you!
* * * LOW HITPOINT WARNING * * *
x2 You hear a thunk.
A bolt appears from out of thin air!
The bolt hits you!
You die...

#........# .## #........#
#........# #### #........####
...# ######...#..# ##.#
###.##.# ##†###### #†...###
#.......##############......##
#...............@.......{....#
#..............########'##...##
#.........)....# #.###...#
#..............# #.####..#
#..............# #......>#
################ #########


There were no monsters in sight!

Vanquished Creatures
  Erica (D:9)
  Maggie (D:6)
  A hornet (D:9)
  Grinder (D:5)
  A wyvern (D:9)
  5 yaks (D:9)
  Eustachio (D:6)
  Edmund (D:5)
  A water moccasin (D:8)
  Duvessa (D:7)
  2 orc warriors
  A sky beast (D:6)
  3 black bears
  4 ice beasts
  An ogre (D:4)
  A centaur (D:8)
  4 bullfrogs
  2 kobold brigands
  4 scorpions
  A necrophage (D:5)
  8 wights
  Dowan (D:7)
  9 killer bees
  A howler monkey (D:8)
  A hound (D:5)
  2 orc priests
  A jelly (D:7)
  An iguana (D:5)
  3 orc wizards
  3 gnolls (D:3)
  16 adders
  12 river rats (Sewer)
  A white imp (D:7)
  An ufetubus (D:7)
  3 worms
  A dart slug (D:1)
  15 orcs
  18 ball pythons
  7 endoplasms
  5 giant cockroaches
  6 goblins
  6 hobgoblins
  13 kobolds
  5 frilled lizards
  23 rats
199 creatures vanquished.

Vanquished Creatures (collateral kills)
  A hornet (D:7)
  An orc (D:7)
2 creatures vanquished.

Vanquished Creatures (others)
  47 foxfires
  4 plants (D:3)
51 creatures vanquished.

Grand Total: 252 creatures vanquished

Notes
Turn   | Place    | Note
-------+----------+-------------------------------------------
     0 | D:1      | night the Troll Transmuter began the quest for the Orb.
     0 | D:1      | Reached XP level 1. HP: 18/18 MP: 1/1
   186 | D:1      | Found a faded altar of an unknown god.
   207 | D:1      | Prayed at the altar of an unknown god.
   207 | D:1      | Became a worshipper of Ignis, the Dying Flame
   328 | D:1      | Found Deopokho's Weapon Emporium.
   550 | D:1      | Reached XP level 2. HP: 26/26 MP: 2/2
   807 | D:2      | Reached XP level 3. HP: 32/32 MP: 3/3
  1202 | D:2      | Reached skill level 4 in Unarmed Combat
  1333 | D:3      | Reached skill level 2 in Transmutations
  1655 | D:3      | Reached XP level 4. HP: 35/40 MP: 4/4
  1663 | D:3      | Reached skill level 1 in Ice Magic
  1908 | D:4      | Noticed a black bear
  1917 | D:4      | Killed a black bear
  1918 | D:4      | Reached skill level 5 in Unarmed Combat
  1918 | D:4      | Reached XP level 5. HP: 27/46 MP: 5/5
  2048 | D:4      | Learned a level 4 spell: Ice Form
  2194 | D:4      | Found a shimmering blue altar of Sif Muna.
  2195 | D:4      | Noticed an ogre
  2201 | D:4      | Killed an ogre
  2202 | D:4      | Reached XP level 6. HP: 27/54 MP: 4/6
  2371 | D:5      | Entered Level 5 of the Dungeon
  2389 | D:5      | Reached skill level 2 in Ice Magic
  2498 | D:5      | Noticed Edmund
  2508 | D:5      | Noticed an ice beast
  2512 | D:5      | Killed Edmund
  2513 | D:5      | Reached skill level 6 in Unarmed Combat
  2513 | D:5      | Reached XP level 7. HP: 59/61 MP: 5/7
  2520 | D:5      | Found a glowing drain.
  2542 | Sewer    | Entered a sewer
  2892 | Sewer    | Reached XP level 8. HP: 55/68 MP: 3/8
  2962 | D:5      | Reached skill level 7 in Unarmed Combat
  3063 | D:5      | Noticed Grinder
  3083 | D:5      | Paralysed by Grinder for 3 turns
  3102 | D:5      | Killed Grinder
  3406 | D:5      | Found a staircase to the Ecumenical Temple.
  3419 | D:5      | Reached skill level 5 in Transmutations
  3433 | Temple   | Entered the Ecumenical Temple
  3902 | D:6      | Reached skill level 8 in Unarmed Combat
  3953 | D:6      | Noticed Maggie
  3966 | D:6      | Killed Maggie
  3967 | D:6      | Reached XP level 9. HP: 35/75 MP: 9/9
  4048 | D:6      | Found a shadowy altar of Dithmenos.
  4107 | D:6      | Found Dunasem's Assorted Antiques.
  4158 | D:6      | Bought a scroll labelled IHOETESIYF for 18 gold pieces
  4171 | D:6      | You fall into a shaft and drop 3 floors!
  4227 | D:9      | Found an ornate altar of the Wu Jian Council.
  4283 | D:9      | Found a sacrificial altar of Ru.
  4613 | D:7      | Reached skill level 9 in Unarmed Combat
  4637 | D:7      | HP: 3/75 [orc warrior/+0 glaive (17)]
  4686 | D:7      | Found a blossoming altar of Fedhas.
  4686 | D:7      | Found an iron altar of Okawaru.
  5361 | D:6      | Noticed Eustachio
  5368 | D:6      | Killed Eustachio
  5803 | Temple   | Fell from the grace of Ignis
  5803 | Temple   | Became a worshipper of Cheibriados the Contemplative
  5900 | D:7      | Noticed Dowan
  5902 | D:7      | Noticed Duvessa
  5909 | D:7      | Killed Duvessa
  5910 | D:7      | Reached XP level 10. HP: 65/83 MP: 10/10
  5918 | D:7      | Killed Dowan
  6073 | D:7      | Found a radiant altar of Vehumet.
  6316 | D:8      | Reached skill level 10 in Unarmed Combat
  6329 | D:8      | Found a hide-covered altar of Uskayaw.
  6851 | D:9      | Reached * piety under Cheibriados
  6857 | D:9      | Reached skill level 5 in Ice Magic
  6942 | D:9      | Noticed Erica
  6953 | D:9      | Noticed Maurice
  6971 | D:9      | Killed Erica
  6972 | D:9      | HP: 12/83 [something (16)]
  6972 | D:9      | Shot with a bolt by something

Illustrated notes

Levels and vault maps discovered:
D:1:      wander_arrival_estate, layout_basic, chequers_ecumenical_altar_island,
          serial_shops, nicolae_diamond_shop, amcnicky_mini_pool_small
D:2:      layout_basic, serial_curves, eino_curves_02, eino_curves_02,
          eino_curves_04, minmay_fountain_box
D:3:      layout_rooms, serial_bayou_lake_a
D:4:      layout_rooms, mainiacjoe_overflow_alcove_1, minmay_misc_feat_iff
D:5:      layout_basic, temple_pool_b, cheibrodos_sewer_entry_drain,
          uniq_grinder, uniq_edmund
D:6:      layout_basic, grunt_dithmenos_smoke, serial_shops, shop_fountains,
          uniq_eustachio, uniq_maggie
D:7:      layout_basic, vehumet_crystals, gammafunk_temple_overflow_pools,
          uniq_duvessa
D:8:      layout_gridville, old_standard_altar, grunt_ministairs_6
D:9:      layout_basic, mainiacjoe_overflow_surrounded_room,
          mainiacjoe_overflow_alcove_3, uniq_erica, uniq_maurice
Temple:   chequers_temple_sunken

Skill      XL: |  1  2  3  4  5  6  7  8  9 10 |
---------------+-------------------------------+-----
Unarmed Combat | 4 5 6 8 9 10 | 10.8
Transmutations | 2 3 4 5 7 |  7.8
Ice Magic      | 1 2 3 4 5 |  5.3
Fighting       | |  0.7
Dodging        | |  1.5
Spellcasting   | |  1.2

Action                   |  1- 3 |  4- 6 |  7- 9 | 10-12 || total
-------------------------+-------+-------+-------+-------++-------
Melee: Unarmed           |    80 |    63 |   336 |    84 ||   563
       Punch             |     3 |     1 |     9 |     4 ||    17
       Kick              |       |     9 |    14 |       ||    23
       Headbutt          |       |     4 |     9 |       ||    13
 Fire: Arbalest          |       |     4 |     8 |     2 ||    14
 Cast: Beastly Appendage |       |     3 |     9 |       ||    12
       Ice Form          |       |       |     1 |     1 ||     2
Invok: Fiery Armour      |       |     2 |     3 |       ||     5
       Foxfire Swarm     |       |     1 |     3 |       ||     4
       Rising Flame      |       |       |     1 |       ||     1
Evoke: Wand              |       |       |     8 |     4 ||    12
  Use: Scroll            |     5 |     1 |     7 |     4 ||    17
       Potion            |       |       |     1 |     2 ||     3
 Stab: Sleeping          |     2 |       |       |       ||     2
Armor: Robe              |    18 |    21 |    69 |       ||   108
       Skin              |       |       |    25 |     5 ||    30
       Steam dragon scal |       |       |    62 |    11 ||    73
Dodge: Dodged            |    29 |    36 |   184 |    54 ||   303
Block: Other             |       |       |       |     1 ||     1
